 Dungeon Crawl Stone Soup version 0.19.4-9-g45fd643 (console) character file.

1015 Grinner the Covert (level 8, -1/37 HPs)
             Began as a Spriggan Assassin on Feb 16, 2017.
             Killed by divine providence
             ... invoked by an orc priest
              (14 damage)
             ... on level 7 of the Dungeon.
             The game lasted 00:16:22 (4500 turns).

Grinner the Covert (Spriggan Assassin)              Turns: 4500, Time: 00:16:23

Health: -1/37      AC:  3    Str:  9    XL:     8   Next: 1%
Magic:  9/9        EV: 22    Int: 12    God:
Gold:   136        SH:  0    Dex: 18    Spells: 0 memorised, 7 levels left

rFire  . . .     SeeInvis +     a - +2 dagger (venom)
rCold  . . .     Gourm    .     c - +0 robe
rNeg   . . .     Faith    .     (shield restricted)
rPois  .         Spirit   .     (helmet restricted)
rElec  .         Reflect  .     d - +0 cloak
rCorr  .         Harm     .     (gloves unavailable)
MR     +....                    (boots unavailable)
Stlth  +++++.....               (no amulet)
                                (no ring)
                                (no ring)

@: very quick
A: unfitting armour, see invisible, herbivore 3, speed 3, slow metabolism 2
a: no special abilities


You were on level 7 of the Dungeon.
You were very hungry.

You visited 1 branch of the dungeon, and saw 7 of its levels.

You collected 291 gold pieces.
You spent 155 gold pieces at shops.

Inventory:

Hand Weapons
 a - a +2 dagger of venom (weapon)
 b - a +0 blowgun
Missiles
 e - 24 poisoned needles
Armour
 c - a +0 robe (worn)
 d - a +0 cloak (worn)
Wands
 u - a wand of iceblast (6/15)
 x - a wand of random effects (30/48)
 F - a wand of confusion (24/48)
Scrolls
 h - a scroll of noise {unknown}
 j - 3 scrolls of fog {unknown}
 l - 2 scrolls of blinking {unknown}
 m - a scroll of remove curse {unknown}
 o - 3 scrolls of magic mapping {unknown}
 p - 2 scrolls of teleportation {unknown}
 v - 2 scrolls of enchant armour {unknown}
 y - 2 scrolls of amnesia
 B - a scroll of immolation {unknown}
 E - a scroll of random uselessness {unknown}
 G - a scroll of enchant weapon {unknown}
 H - 2 scrolls of fear {unknown}
Potions
 k - a potion of cure mutation {unknown}
 n - a potion of invisibility {unknown}
 q - a potion of mutation {unknown}
 s - a potion of degeneration {unknown}
 t - 2 potions of flight {unknown}
 w - a potion of agility
 z - a potion of heal wounds
 A - a potion of magic
 C - a potion of might {unknown}
 D - a potion of haste
Comestibles
 g - 5 bread rations
 i - a royal jelly
 r - 2 slices of pizza


   Skills:
 - Level 1.5 Fighting
 + Level 5.0 Short Blades
 - Level 2.0 Throwing
 + Level 6.3 Dodging
 * Level 10.7 Stealth
 + Level 2.9 Unarmed Combat


You had 7 spell levels left.
You didn't know any spells.

Dungeon Overview and Level Annotations

Branches:
Dungeon (7/15)             Temple (0/1) D:7

Altars:
Ashenzari
Cheibriados
Elyvilon
Gozag
Hepliaklqana
Nemelex Xobeh
Xom
Yredelemnul

Shops:
D:4 *

Annotations:
D:4 Quinn's ghost, amateur HOFi
D:5 Grinner's ghost, novice TrTm
D:6 exclusions: dart slug, electric eel and 2 more exclusions


Innate Abilities, Weirdness & Mutations

You are very small and have problems with some larger weapons.
You are too small for most types of armour.
You have supernaturally acute eyesight. (SInv)
You are a herbivore.
You cover ground extremely quickly.
You need consume almost no food.


Message History

The hippogriff closely misses you. The hippogriff barely misses you.
You hit the hippogriff.
The hippogriff looks as sick as possible!
You punch the hippogriff.
The hippogriff is almost dead.
An orc comes into view. It is wielding a short sword.
You kill the hippogriff!
Your Short Blades skill increases to level 5!
You have reached level 8!
There is a staircase to the Ecumenical Temple here.
The gnoll completely misses you.
An orc warrior and an orc priest come into view.
An orc comes into view.
The orc priest shouts!
The orc warrior shouts!
You hear a shout!
The orc priest calls down the wrath of Beogh upon you.
Beogh smites you!
The orc warrior hits you from afar with a halberd!
The orc priest calls down the wrath of Beogh upon you.
Beogh smites you!
You die...

#......g.##...##.##
##.#.###g###### .#
#.#. #.# # # #.#
#.#.###.# #..o.o..#
##..o.#.##
#.#...##.##
.....#..@+
###....#### ###..
##


You could see an orc priest.

Vanquished Creatures
  A hippogriff (D:7)
  Menkaure (D:5)
  3 centaurs (D:5)
  An orc priest (D:3)
  2 hounds
  2 orc wizards (D:4)
  Natasha (D:2)
  6 worker ants
  A hound skeleton (D:4)
  7 adders
  A shadow imp (D:5)
  2 adder zombies (D:5)
  An adder skeleton (D:5)
  2 worms
  3 dart slugs
  2 leopard geckos (D:4)
  12 orcs
  A ball python (D:2)
  4 giant cockroaches
  5 goblins
  A hobgoblin (D:2)
  6 jackals
  A quokka (D:2)
  3 bats
  5 frilled lizards
  2 kobolds
  A quokka skeleton (D:4)
  3 rats
80 creatures vanquished.

Notes
Turn   | Place    | Note
-------+----------+-------------------------------------------
     0 | D:1      | Grinner the Spriggan Assassin began the quest for the Orb.
     0 | D:1      | Reached XP level 1. HP: 10/10 MP: 2/2
    24 | D:1      | Reached skill level 6 in Stealth
   234 | D:1      | You fall through a shaft!
   244 | D:2      | Reached XP level 2. HP: 7/14 MP: 3/3
   551 | D:2      | Reached XP level 3. HP: 18/18 MP: 4/4
   660 | D:2      | Noticed Natasha
   683 | D:2      | Killed Natasha
   683 | D:2      | Reached skill level 7 in Stealth
  1151 | D:3      | Found a snail-covered altar of Cheibriados.
  1197 | D:3      | Reached XP level 4. HP: 14/22 MP: 5/5
  1526 | D:4      | Found a sparkling altar of Nemelex Xobeh.
  1604 | D:4      | Reached XP level 5. HP: 8/25 MP: 6/6
  1908 | D:4      | Reached skill level 8 in Stealth
  1908 | D:4      | Reached skill level 1 in Unarmed Combat
  1909 | D:4      | Found a shimmering altar of Xom.
  1909 | D:4      | Found a white marble altar of Elyvilon.
  1967 | D:4      | Found a hazy altar of Hepliaklqana.
  1993 | D:4      | Noticed Quinn's ghost (amateur HOFi)
  2329 | D:3      | Found a shattered altar of Ashenzari.
  2868 | D:4      | Found Pusiw's Assorted Antiques.
  2881 | D:4      | Reached XP level 6. HP: 30/30 MP: 7/7
  2896 | D:4      | Bought a scroll of identify for 46 gold pieces
  2897 | D:4      | Bought a scroll labeled DONIUGG QUAMA for 23 gold pieces
  2897 | D:4      | Bought a scroll labeled VANOIQ HAXZAN for 23 gold pieces
  2897 | D:4      | Bought a puce potion for 20 gold pieces
  2897 | D:4      | Bought a golden potion for 20 gold pieces
  2897 | D:4      | Bought a scroll labeled USONUIFEZU for 23 gold pieces
  3102 | D:4      | Found an opulent altar of Gozag.
  3246 | D:5      | Entered Level 5 of the Dungeon
  3246 | D:5      | Noticed Grinner's ghost (novice TrTm)
  3314 | D:5      | Reached skill level 9 in Stealth
  3525 | D:5      | Reached skill level 5 in Dodging
  3525 | D:5      | Reached XP level 7. HP: 11/33 MP: 8/8
  3823 | D:5      | Noticed Menkaure
  3832 | D:5      | Killed Menkaure
  3836 | D:5      | Reached skill level 10 in Stealth
  3890 | D:5      | Found a faded altar of an unknown god.
  3890 | D:5      | Found a faded altar of an unknown god.
  3896 | D:5      | Found a faded altar of an unknown god.
  3898 | D:5      | Found a faded altar of an unknown god.
  3899 | D:5      | Found a basalt altar of Yredelemnul.
  4473 | D:7      | Noticed a hippogriff
  4478 | D:7      | Found a staircase to the Ecumenical Temple.
  4487 | D:7      | Killed a hippogriff
  4487 | D:7      | Reached skill level 5 in Short Blades
  4487 | D:7      | Reached XP level 8. HP: 37/37 MP: 9/9
  4500 | D:7      | Killed from afar by an orc priest

Skill      XL: |  1  2  3  4  5  6  7 |
---------------+----------------------+-----
Stealth        | 6 7 8 9 10 | 10.7
Dodging        | 2 3 4 5 6 |  6.3
Short Blades   | 3 4 5 |  5.0
Unarmed Combat | 1 2 |  2.9
Fighting       | |  1.5
Throwing       | |  2.0

Action                   |  1- 3 |  4- 6 |  7- 9 || total
-------------------------+-------+-------+-------++-------
Melee: Dagger            |    68 |   127 |    69 ||   264
       Falchion          |     4 |     7 |       ||    11
       Punch             |       |       |     3 ||     3
 Fire: Blowgun           |    13 |       |     6 ||    19
  Use: Potion            |       |     1 |     4 ||     5
       Scroll            |       |     4 |       ||     4
 Stab: Sleeping          |    11 |     8 |     3 ||    22
       Distracted        |       |     1 |       ||     1
Armor: Robe              |     9 |    11 |     3 ||    23
Dodge: Dodged            |    42 |   107 |    52 ||   201
       Rpst.: Falchion   |     1 |     1 |       ||     2
